 Dungeon Crawl Stone Soup version 0.31-a0-971-g75a2e9a4b4 (webtiles) character file.

Game seed: 9343655385368962987

697 Conn the Sneak (level 7, -1/41 HPs)
             Began as an Octopode Fire Elementalist on Oct 28, 2023.
             Slain by a killer bee (9 damage)
             ... on level 6 of the Dungeon.
             The game lasted 00:12:28 (5535 turns).

Conn the Sneak (Octopode Fire Elementalist)         Turns: 5535, Time: 00:12:32

Health: -1/41      AC:  1    Str:  8    XL:     7   Next: 65%
Magic:  2/12       EV: 13    Int: 19    God:
Gold:   343        SH:  0    Dex: 12    Spells: 3/13 levels left

rFire   . . .        h - +0 short sword (protect)
rCold   . . .        l - orb {light}
rNeg    . . .        q - +0 hat
rPois   .            (no amulet)
rElec   .            o - ring of flight
rCorr   .            (no ring)
SInv    .            (no ring)
Will    .....        (no ring)
Stlth   ++           (no ring)
HPRegen 0.26/turn    (no ring)
MPRegen 0.13/turn    (no ring)
                     (no ring)

%: no passive effects
@: lethally poisoned (-1 -> -11), flying, very slightly contaminated, glowing
A: almost no armour, amphibious, 8 rings, camouflage 1, gelatinous body 1,
(nimble swimmer 1), tentacles
a: no special abilities


You were on level 6 of the Dungeon.
You visited 1 branch of the dungeon, and saw 6 of its levels.

You collected 343 gold pieces.

Inventory:

Hand Weapons
 h - a +0 short sword of protection (weapon)
Missiles
 i - 4 poisoned darts (quivered)
Armour
 l - an orb of light (worn)
 q - a +0 hat (worn)
Jewellery
 e - a ring of ice
 o - a ring of flight (left tentacle)
Talismans
 b - a flux talisman
Wands
 p - a wand of acid (9)
 s - a wand of flame (14)
 v - a wand of charming (9)
 w - a wand of roots (12)
Scrolls
 c - a scroll of revelation
 m - 2 scrolls of vulnerability
Potions
 a - a potion of magic
 d - a potion of curing
 f - a potion of attraction {unknown}
 g - a potion of berserk rage {unknown}
 k - a potion of mutation {unknown}
 n - 2 potions of might {unknown}
 x - a potion of enlightenment {unknown}


   Skills:
 + Level 3.1 Dodging
 + Level 4.3 Stealth
 + Level 2.3 Shields
 * Level 3.6 Spellcasting
 * Level 3.6 Conjurations
 * Level 2.7 Hexes
 + Level 3.8 Fire Magic
 + Level 1.9 Shapeshifting


You had 3 spell levels left.
You knew the following spells:

 Your Spells              Type           Power      Damage    Failure   Level
a - Foxfire               Conj/Fire      68%        2x1d7     3%          1
b - Scorch                Fire           36%        2d6       4%          2
c - Inner Flame           Hex/Fire       15%        N/A       11%         3
d - Flame Wave            Conj/Fire      17%        2d7       30%         4

Your spell library contained the following spells:

 Spells                   Type           Power      Damage    Failure   Level
 Shock                    Conj/Air       40%        1d5       7%          1
 Momentum Strike          Conj/Tloc      20%        3d8       11%         2
 Volatile Blastmotes      Fire/Tloc      20%        2d11      21%         3
 Blink                    Tloc           6%         N/A       22%         2
 Lesser Beckoning         Tloc           6%         N/A       22%         2
 Swiftness                Air            3%         N/A       41%         3
 Airstrike                Air            1%         2d(1-17)  82%         4


Dungeon Overview and Level Annotations

Branches:
Dungeon (6/15)
 Temple: D:4-7

Altars:
Ashenzari
Cheibriados
Nemelex Xobeh
Qazlal
Ru
Xom


Innate Abilities, Weirdness & Mutations

You cannot wear most types of armour.
You are amphibious.
You can wear up to eight rings at the same time.
Your skin changes colour to match your surroundings (Stealth+).
Your rubbery body absorbs attacks. (AC +1, EV +1)
((You are camouflaged when in or above water. (Stealth+)))
You have tentacles for arms and can constrict up to eight enemies at once.


Message History

Unknown command.
Unknown command.
Unknown command.
Okay, then.
Unknown command.
Unknown command.
Okay, then.
Unknown command.
Unknown command.
Unknown command.
Unknown command.
As you read the scroll labelled NUFYIXZOEGE, it dissolves into smoke.
It was a scroll of fog.
The foxfire hits the killer bee.
The killer bee is heavily wounded.
The foxfire hits the killer bee.
The killer bee is severely wounded.
The killer bee closely misses you. The killer bee stings you!
You are poisoned.
The killer bee poisons you! The killer bee barely misses you.
Unknown command.
Unknown command.
Unknown command.
Unknown command.
Unknown command.
As you read the scroll labelled ULAQ WOIPLYLY, it crumbles to dust.
It is a scroll of brand weapon.
Your +0 short sword projects an invisible shield of force!
h - a +0 short sword of protection (weapon)
You feel sick. The killer bee stings you. The killer bee stings you!
The killer bee completely misses you. The killer bee misses you.
Unknown command.
Unknown command.
Unknown command.
As you read the scroll labelled MUTUTERROKAF, it crumbles to dust.
The creatures around you are filled with an inner flame!
It was a scroll of immolation.
You feel sick. The killer bee stings you. x3
* * * LOW HITPOINT WARNING * * *
You are lethally poisoned!
The killer bee poisons you! The killer bee stings you!
You die...

... #####...
.....#....... .
......#...... ..
............ .).
.............# ....
.............######.....
..............§§§y§.#
....##........§§@y§.#
...........<..§§§O......
.......#......§§§§..(...
.........†............?.
...).........###.###....
..........#..# #.# ....
.......####..# #+# ...
..##...# ##... .#
..##...### .###


You could see an ogre (inner flame) and 2 killer bees.

Vanquished Creatures
  A black bear (D:4)
  An ice beast (D:6)
  A centaur (D:6)
  An ogre (D:4)
  A killer bee (D:6)
  3 hounds
  A sleepcap (D:5)
  2 iguanas (D:5)
  6 adders
  2 worms
  3 dart slugs
  5 orcs
  2 endoplasms
  2 giant cockroaches
  6 goblins
  8 hobgoblins
  4 kobolds
  2 quokkas
  8 ball pythons
  9 bats
  5 frilled lizards
  4 rats
77 creatures vanquished.

Vanquished Creatures (others)
  213 foxfires
213 creatures vanquished.

Grand Total: 290 creatures vanquished

Notes
Turn   | Place    | Note
-------+----------+-------------------------------------------
     0 | D:1      | Conn the Octopode Fire Elementalist began the quest for the
                  | Orb.
     0 | D:1      | Reached XP level 1. HP: 11/11 MP: 3/3
   343 | D:1      | Reached XP level 2. HP: 15/17 MP: 1/5
   350 | D:1      | Learned a level 2 spell: Scorch
   811 | D:1      | Found a faded altar of an unknown god.
   816 | D:1      | Reached skill level 3 in Stealth
   993 | D:2      | Found a stormy altar of Qazlal.
  1219 | D:2      | Reached XP level 3. HP: 18/21 MP: 6/6
  1231 | D:2      | Learned a level 3 spell: Inner Flame
  1713 | D:2      | Reached XP level 4. HP: 27/27 MP: 5/7
  2593 | D:3      | Reached skill level 1 in Shapeshifting
  3265 | D:4      | Reached skill level 1 in Hexes
  3398 | D:4      | Noticed an ogre
  3402 | D:4      | Reached XP level 5. HP: 27/31 MP: 1/8
  3679 | D:4      | Killed an ogre
  3680 | D:4      | Reached skill level 1 in Shields
  4018 | D:4      | Noticed a black bear
  4022 | D:4      | Killed a black bear
  4023 | D:4      | Reached XP level 6. HP: 36/36 MP: 1/10
  4506 | D:5      | Entered Level 5 of the Dungeon
  4522 | D:5      | Found a sacrificial altar of Ru.
  4664 | D:5      | Found a shimmering altar of Xom.
  4664 | D:5      | Found a faded altar of an unknown god.
  4672 | D:5      | Found a broken altar of Ashenzari.
  4702 | D:5      | Found a snail-covered altar of Cheibriados.
  4704 | D:5      | Found a sparkling altar of Nemelex Xobeh.
  4771 | D:5      | Identified a scroll of acquirement
  4772 | D:5      | Acquired a book of Spatial Translocations
  4806 | D:5      | Learned a level 4 spell: Flame Wave
  4816 | D:5      | Reached skill level 4 in Stealth
  4937 | D:5      | Reached XP level 7. HP: 12/41 MP: 3/11
  5535 | D:6      | Slain by a killer bee

Illustrated notes

Levels and vault maps discovered:
D:1:      nzn_arrival_crosshair, layout_loops_ring,
          dreamdust_ecumenical_altar_hidden_monk_grotto, minivault_27,
          item_on_display_a
D:2:      layout_loops_ring, basic_altar
D:3:      layout_basic, minivault_25
D:4:      layout_loops_corners, feat_on_display
D:5:      layout_basic, lemuel_round_altar, chequers_temple_overflow_minitemple
D:6:      layout_basic, lemuel_doored_altar, minmay_temple_entry_offerings

Skill      XL: |  1  2  3  4  5  6  7 |
---------------+----------------------+-----
Stealth        | 3 4 |  4.3
Conjurations   | 2 3 |  3.6
Shapeshifting  | 1 |  1.9
Hexes          | 1 2 |  2.7
Shields        | 1 2 |  2.3
Spellcasting   | 3 |  3.6
Dodging        | 3 |  3.1
Fire Magic     | |  3.8

Action                     |  1- 3 |  4- 6 |  7- 9 || total
---------------------------+-------+-------+-------++-------
  Melee: Constrict         |     7 |    10 |       ||    17
         Unarmed           |     1 |       |       ||     1
         Short sword       |    16 |    31 |       ||    47
         Tentacles         |     3 |    10 |       ||    13
         Punch             |       |     1 |       ||     1
   Cast: Foxfire           |    48 |    51 |    30 ||   129
         Scorch            |     2 |    10 |     2 ||    14
         Inner Flame       |       |     2 |       ||     2
  Evoke: Wand              |       |     1 |       ||     1
    Use: Scroll            |       |     4 |     3 ||     7
         Potion            |       |     2 |       ||     2
   Stab: Sleeping          |     3 |     3 |       ||     6
 Armour: Skin              |    15 |    23 |     8 ||    46
  Dodge: Dodged            |    11 |    15 |     6 ||    32

Table legend: (Time is in decaauts)
 A = Elapsed time spent in this place.
 B = Non-inter-level travel time spent in this place.
 C = Inter-level travel time spent in this place.
 D = Time resting spent in this place.
 E = Time spent auto-exploring this place.
 F = Levels seen in this place.
 G = Mean time per level.
                   A        B        C        D        E       F      G
               +--------+--------+--------+--------+--------+-----+--------+
         Total |   5534 |   5399 |    135 |      0 |   4228 |   6 |  922.3 |
       Dungeon |   5534 |   5399 |    135 |      0 |   4228 |   6 |  922.3 |
               +--------+--------+--------+--------+--------+-----+--------+

Top non-repeatable levels by time:
     D:4: 1260 daAuts
     D:2: 1133 daAuts
     D:3: 1119 daAuts
     D:1: 992 daAuts
     D:5: 800 daAuts
     D:6: 227 daAuts
